 Dungeon Crawl Stone Soup version 0.21-a0-140-g479285b (webtiles) character file.

20437 tof the Spear-Bearer (level 12, -4/95 HPs)
             Began as a Demonspawn Berserker on July 19, 2017.
             Was the Champion of Trog.
             Slain by an 11-headed hydra (13 damage)
             ... on level 2 of the Lair of Beasts.
             The game lasted 00:42:39 (15766 turns).

tof the Spear-Bearer (Demonspawn Berserker)        Turns: 15766, Time: 00:42:40

Health: -4/95      AC: 15    Str: 21    XL:     12   Next: 45%
Magic:  4/4        EV: 17    Int: 10    God:    Trog [******]
Gold:   806        SH:  0    Dex: 17    Spells: 11/11 levels left

rFire    . . .     SeeInvis .   V - +3 glaive (antimagic)
rCold    . . .     Gourm    +   (shield currently unavailable)
rNeg     . . .     Faith    .   G - +0 troll leather armour
rPois    .         Spirit   .   Z - +2 hat
rElec    .         Reflect  .   (no cloak)
rCorr    .         Harm     .   s - +0 pair of gloves
MR       +....     Clarity  +   (no boots)
Stlth    +.........             r - amulet of the gourmand
HPRegen  0.65/turn              v - +5 ring of protection
MPRegen  0.09/turn              x - ring of protection from magic

@: no status effects
A: hooves 2, yellow scales 2, agile 2, clarity, deformed body, demonic guardian
2
a: Berserk, Trog's Hand, Brothers in Arms, Burn Spellbooks, Renounce Religion


You were on level 2 of the Lair of Beasts.
You worshipped Trog.
Trog was exalted by your worship.
You were full.

You visited 2 branches of the dungeon, and saw 13 of its levels.

You collected 806 gold pieces.

Inventory:

Hand Weapons
 V - a +3 antimagic glaive (weapon)
Missiles
 u - 4 exploding tomahawks (quivered)
 z - 2 tomahawks
 F - 9 tomahawks of returning
 Q - 5 silver javelins
Armour
 m - a +2 leather armour of poison resistance
 s - a +0 pair of gloves (worn)
 G - a +0 troll leather armour (worn)
 Z - a +2 hat (worn)
Jewellery
 e - an uncursed ring of protection from fire
 h - an uncursed ring of positive energy
 r - an amulet of the gourmand (around neck)
 v - a +5 ring of protection (left hand)
 x - a ring of protection from magic (right hand)
 T - an uncursed ring of resist corrosion
 X - an uncursed amulet of rage {unknown}
Wands
 k - a wand of paralysis (6/24)
 l - a wand of digging (7/24)
 o - a wand of clouds (3/9)
 E - a wand of acid (3/15)
 K - a wand of flame (38/48)
 M - a wand of confusion (31/48)
 W - a wand of polymorph (6/24)
Scrolls
 a - 4 scrolls of identify
 g - a scroll of fear
 i - 4 scrolls of remove curse
 j - a scroll of teleportation
 q - a scroll of fog
 y - 2 scrolls of amnesia {unknown}
 B - a scroll of silence {unknown}
 I - a scroll of enchant armour {unknown}
 J - 3 scrolls of blinking {unknown}
 L - 2 scrolls of immolation {unknown}
 U - a scroll of summoning {unknown}
Potions
 n - 2 potions of might
 t - 2 potions of invisibility {unknown}
 w - 4 potions of curing
 A - a potion of magic
 N - a potion of flight
 P - a potion of cancellation
 R - a potion of brilliance {unknown}
 Y - a potion of haste {unknown}
Books
 D - a book of Air

   Spells                             Type                      Level
   a - Shock                          Conjuration/Air              1
   b - Swiftness                      Charms/Air                   2
   c - Static Discharge               Conjuration/Air              3
   d - Airstrike                      Air                          4
   e - Lightning Bolt                 Conjuration/Air              5
   Trog disapproves of the use of such an item.
 S - a book of Air

   Spells                             Type                      Level
   a - Shock                          Conjuration/Air              1
   b - Swiftness                      Charms/Air                   2
   c - Static Discharge               Conjuration/Air              3
   d - Airstrike                      Air                          4
   e - Lightning Bolt                 Conjuration/Air              5
   Trog disapproves of the use of such an item.
Miscellaneous
 p - a lamp of fire
 H - a lightning rod (inert)
Comestibles
 b - 8 royal jellies
 c - 11 bread rations
 d - 19 fruits
 f - 11 meat rations


   Skills:
 + Level 9.0 Fighting
 * Level 11.4 Polearms
 + Level 6.0 Throwing
 + Level 9.4 Armour
 + Level 8.2 Dodging


You had 11 spell levels left.
You didn't know any spells.

Dungeon Overview and Level Annotations

Branches:
Dungeon (11/15)            Temple (0/1) D:6            Lair (2/6) D:10
 Spider (0/4) Lair:2
  Swamp: Lair:2-4    Shoals: Lair:2-4       Orc: D:9-12

Altars:
Ashenzari
Cheibriados
Kikubaaqudgha
Makhleb
Nemelex Xobeh
Qazlal
Ru
Sif Muna
Vehumet
Wu Jian
Yredelemnul
The Shining One

Shops:
D:4 *   D:6 [   D:11 *

Annotations:
Lair:1 exclusion: 3 oklob plants


Innate Abilities, Weirdness & Mutations

You have hoof-like feet.
You are mostly covered in yellow scales. (AC +3)
A demonic guardian rushes to your aid.
You are very agile. (Dex +4)
You possess an exceptional clarity of mind.
Armour fits poorly on your strangely shaped body.


Message History

You kick the ten-headed hydra.
The ten-headed hydra is severely wounded.
The ten-headed hydra closely misses you.
The ten-headed hydra misses you.
The ten-headed hydra bites you but does no damage.
The ten-headed hydra closely misses you.
The ten-headed hydra completely misses you. x3
The ten-headed hydra bites you but does no damage.
The ten-headed hydra bites you.
* * * LOW HITPOINT WARNING * * *
The ten-headed hydra bites you but does no damage.
You chop one of the ten-headed hydra's heads off!
The nine-headed hydra grows two more!
You hit the 11-headed hydra.
You kick the 11-headed hydra, but do no damage.
The 11-headed hydra is severely wounded.
The 11-headed hydra misses you. The 11-headed hydra bites you.
* * * LOW HITPOINT WARNING * * *
The 11-headed hydra barely misses you. The 11-headed hydra closely misses you.
The 11-headed hydra bites you!
You die...

.......#.#.###....###P.
........................
........................
............†...........
........................
........(...............
........................
........................
...............D@.......
..♣.♣....(.....(.♣......
♣♣♣♣♣...((...♣♣♣♣♣♣?....
...... ♣.... ≈≈≈.. ....
≈≈≈≈ ... ≈≈≈ .


You could see a 11-headed hydra.

Vanquished Creatures
  Gastronok (Lair:1)
  A two-headed ogre (D:11)
  2 unseen horrors (D:11)
  An oklob plant (Lair:1)
  2 black mambas
  A centaur zombie (D:11)
  A gargoyle (D:10)
  4 spiny frogs
  3 komodo dragons (Lair:2)
  2 jumping spiders (Lair:2)
  3 trolls
  Prince Ribbit (D:6)
  A hippogriff (D:7)
  A redback (Lair:2)
  A wyvern (Lair:1)
  2 yaks
  2 basilisks
  A warg (D:10)
  A hungry ghost (D:7)
  Menkaure (D:4)
  A water moccasin (Lair:1)
  3 porcupines (Lair:1)
  A slave (D:8)
  3 black bears
  3 ice beasts
  9 orc warriors
  3 sky beasts
  8 ogres
  6 centaurs
  2 wolves (D:8)
  A crocodile (Lair:1)
  3 big kobolds
  9 bullfrogs
  A gnoll sergeant (D:10)
  3 scorpions
  A jelly (D:9)
  18 killer bees
  A howler monkey (D:7)
  3 wights (D:11)
  5 crimson imps
  3 bullfrog zombies
  12 hounds
  22 orc wizards
  8 orc priests
  2 bullfrog skeletons (D:6)
  A centaur skeleton (D:9)
  A gnoll shaman (D:8)
  Ijyb (D:3)
  2 iguanas
  12 worker ants
  2 hound skeletons
  A worker ant zombie (D:6)
  8 gnolls
  12 adders
  A howler monkey skeleton (D:11)
  3 shadow imps
  An ooze (D:3)
  2 adder zombies
  3 adder skeletons
  2 worms (D:4)
  3 dart slugs (D:3)
  5 leopard geckos
  65 orcs
  4 ball pythons
  9 giant cockroaches
  10 goblins
  5 hobgoblins
  2 jackals (D:6)
  5 quokkas
  3 bats
  3 frilled lizards
  A jackal zombie (D:7)
  20 kobolds
  A leopard gecko skeleton (D:6)
  5 rats
356 creatures vanquished.

Vanquished Creatures (collateral kills)
  2 hydras
  The ghost of Gorglomux the Skirmisher, a novice HOAM (D:7)
  Pikel (D:8)
  An oklob plant (Lair:2)
  Joseph (D:10)
  Psyche (D:8)
  3 komodo dragons (Lair:1)
  2 dream sheep (D:9)
  A hippogriff (D:10)
  3 yaks
  Grum (D:8)
  A basilisk (Lair:1)
  Eustachio (D:5)
  2 wargs (D:10)
  A sky beast (D:6)
  An ice beast (D:6)
  An orc warrior (D:6)
  2 ogres
  A centaur (D:5)
  3 big kobolds
  A bullfrog (D:6)
  2 killer bees (D:9)
  A crimson imp (D:6)
  4 orc priests
  A jelly (D:8)
  3 iguanas (Lair:1)
  2 orc wizards
  A worker ant (D:10)
  A hound zombie (D:6)
  An adder (D:3)
  A leopard gecko (D:6)
  5 orcs
  A goblin (D:3)
  A kobold (D:10)
  2 quokka skeletons
57 creatures vanquished.

Vanquished Creatures (others)
  A centaur (D:8)
  A bullfrog (D:8)
  A hound (D:8)
  An orc wizard (D:10)
  An orc (D:8)
  A fungus (Lair:2)
  3 plants (Lair:1)
  11 toadstools (Lair:2)
20 creatures vanquished.

Grand Total: 433 creatures vanquished

Notes
Turn   | Place    | Note
-------+----------+-------------------------------------------
     0 | D:1      | tof the Demonspawn Berserker began the quest for the Orb.
     0 | D:1      | Reached XP level 1. HP: 18/18 MP: 1/1
   661 | D:2      | Gained mutation: You are partially covered in yellow scales. (AC +2) [demonic ancestry]
   661 | D:2      | Reached XP level 2. HP: 23/24 MP: 2/2
   989 | D:2      | Reached skill level 3 in Polearms
  1150 | D:2      | Gained mutation: You are mostly covered in yellow scales. (AC +3) [demonic ancestry]
  1150 | D:2      | Reached XP level 3. HP: 29/29 MP: 3/3
  1724 | D:3      | Found a shattered altar of Ashenzari.
  1833 | D:3      | Reached ** piety under Trog
  1879 | D:3      | Noticed a fire elemental
  1904 | D:3      | Found a stormy altar of Qazlal.
  1905 | D:3      | Noticed a water elemental
  1905 | D:3      | Noticed an earth elemental
  1905 | D:3      | Noticed an air elemental
  1936 | D:3      | Gained mutation: A weak demonic guardian rushes to your aid. [demonic ancestry]
  1936 | D:3      | Reached XP level 4. HP: 29/35 MP: 4/4
  2223 | D:3      | Noticed Ijyb
  2282 | D:3      | Killed Ijyb
  2282 | D:3      | Gained mutation: You have large cloven feet. [demonic ancestry]
  2282 | D:3      | Reached XP level 5. HP: 39/41 MP: 5/5
  2311 | D:3      | Noticed an ogre
  2320 | D:3      | Killed an ogre
  2755 | D:4      | Found Tiacsea's Elemental Accessories.
  2969 | D:4      | Reached skill level 4 in Polearms
  2971 | D:4      | Found a basalt altar of Yredelemnul.
  2995 | D:4      | Reached XP level 6. HP: 36/48 MP: 6/6
  3227 | D:4      | Reached *** piety under Trog
  3706 | D:4      | Noticed Menkaure
  3712 | D:4      | Killed Menkaure
  3712 | D:4      | Reached XP level 7. HP: 54/54 MP: 7/7
  3937 | D:4      | Reached skill level 5 in Polearms
  4099 | D:4      | Reached skill level 5 in Armour
  4371 | D:5      | Entered Level 5 of the Dungeon
  4818 | D:5      | HP: 2/55 [centaur/uncursed whip (4)]
  4820 | D:5      | Gained mutation: A demonic guardian rushes to your aid. [demonic ancestry]
  4820 | D:5      | Reached XP level 8. HP: 2/61 MP: 8/8
  5117 | D:5      | Found a burning altar of Makhleb.
  5715 | D:5      | Noticed Eustachio
  5741 | D:5      | Killed Eustachio
  5741 | D:5      | Reached skill level 5 in Fighting
  5741 | D:5      | Reached skill level 6 in Polearms
  5890 | D:5      | Gained mutation: You possess an exceptional clarity of mind. [potion of mutation]
  5890 | D:5      | Lost mutation: You possess an exceptional clarity of mind. [potion of mutation]
  5890 | D:5      | Gained mutation: You possess an exceptional clarity of mind. [potion of mutation]
  6416 | D:6      | Reached **** piety under Trog
  6653 | D:6      | Reached XP level 9. HP: 68/68 MP: 9/9
  6871 | D:6      | Found Nuwew's Armour Shoppe.
  6962 | D:6      | Found a snail-covered altar of Cheibriados.
  6975 | D:6      | Found a sparkling altar of Nemelex Xobeh.
  7063 | D:6      | Found a staircase to the Ecumenical Temple.
  7066 | D:6      | Noticed Prince Ribbit
  7098 | D:6      | Killed Prince Ribbit
  7098 | D:6      | Received a gift from Trog
  7098 | D:6      | Reached skill level 7 in Polearms
  7815 | D:7      | Gained mutation: You are agile. (Dex +2) [mutagenic meat]
  7816 | D:7      | Gained mutation: Armour fits poorly on your strangely shaped body. [mutagenic meat]
  7817 | D:7      | Gained mutation: You are very agile. (Dex +4) [mutagenic meat]
  7862 | D:7      | Noticed Gorglomux's ghost (novice HOAM)
  7875 | D:7      | Killed Gorglomux's ghost
  7875 | D:7      | Reached skill level 1 in Throwing
  7875 | D:7      | Reached skill level 5 in Dodging
  8215 | D:7      | Found a glowing golden altar of the Shining One.
  8425 | D:7      | Reached skill level 8 in Polearms
  8438 | D:7      | Found a sacrificial altar of Ru.
  8671 | D:7      | Reached ***** piety under Trog
  8682 | D:7      | Reached XP level 10. HP: 74/77 MP: 10/10
  8994 | D:8      | Noticed Pikel
  9004 | D:8      | Received a gift from Trog
  9008 | D:8      | Killed Pikel
  9111 | D:8      | Found an ancient bone altar of Kikubaaqudgha.
  9133 | D:8      | Found a shattered altar of Ashenzari.
  9145 | D:8      | Noticed Psyche
  9157 | D:8      | Killed Psyche
  9371 | D:8      | Found a radiant altar of Vehumet.
  9451 | D:8      | Found an ornate altar of the Wu Jian Council.
  9466 | D:8      | Noticed Grum
  9471 | D:8      | Killed Grum
 10529 | D:9      | Received a gift from Trog
 10533 | D:9      | Reached skill level 9 in Polearms
 11180 | D:9      | Found a deep blue altar of Sif Muna.
 11346 | D:9      | Noticed a three-headed hydra
 11354 | D:9      | Killed a three-headed hydra
 11376 | D:9      | Gained mutation: You have hoof-like feet. [demonic ancestry]
 11376 | D:9      | Reached XP level 11. HP: 82/84 MP: 11/11
 11575 | D:10     | Entered Level 10 of the Dungeon
 11815 | D:10     | Noticed Joseph
 11827 | D:10     | Killed Joseph
 12169 | D:10     | Received a gift from Trog
 12174 | D:10     | Reached ****** piety under Trog
 12218 | D:10     | Found a staircase to the Lair.
 12339 | D:10     | Reached skill level 10 in Polearms
 12588 | D:10     | Received a gift from Trog
 12776 | D:11     | Noticed a two-headed ogre
 12784 | D:11     | Killed a two-headed ogre
 12792 | D:11     | Killed an unseen horror
 12921 | D:11     | Found Kuqiog's Changing Room.
 13112 | D:11     | Killed an unseen horror
 13171 | D:11     | Reached skill level 5 in Throwing
 13816 | Lair:1   | Entered Level 1 of the Lair of Beasts
 13922 | Lair:1   | Noticed Gastronok
 13935 | Lair:1   | Killed Gastronok
 13985 | Lair:1   | Reached XP level 12. HP: 57/94 MP: 4/12
 14445 | Lair:1   | Reached skill level 11 in Polearms
 14924 | Lair:1   | Noticed a six-headed hydra
 14927 | Lair:1   | Killed a seven-headed hydra
 15657 | Lair:2   | Found a hole to the Spider Nest.
 15753 | Lair:2   | Noticed a six-headed hydra
 15766 | Lair:2   | Slain by an 11-headed hydra

Vault maps used:
D:1:      dpeg_arrival_tiny_a, minivault_27, kennysheep_flooded_box
D:3:      kennysheep_the_goblin_king, nicolae_qazlal_style_of_elements,
          first_bread, ashenzari_altar_1
D:4:      old_standard_altar, nicolae_elemental_shop, uniq_menkaure
D:5:      bloody_makhleb, minmay_misc_feat_doors, minmay_strange_pillars,
          serial_bayou_ford_a, uniq_eustachio
D:6:      amethyst_overflow_temple_binary, minmay_temple_entry_purple_smoke,
          serial_shops, shop, minmay_joined_circles, uniq_prince_ribbit1
D:7:      kennysheep_mini, nicolae_ru_great_annihilating_truth
D:8:      kennysheep_little_box, nicolae_overflow_hidden_temple,
          nicolae_overflow_crystal_walls, kennysheep_mini_moat, uniq_grum,
          uniq_psyche, uniq_pikel
D:9:      kennysheep_orc_sif_temple, hangedman_ranch
D:10:     erik_lair_orcish_takeover, uniq_joseph
D:11:     minmay_misc_feat_roman, wad_floor_pattern_untrapped,
          nicolae_transmutations_shop
Lair:1:   beast_lair_carwin_large_1, minmay_lair_oklob_chamber,
          infiniplex_staircase_pool_2, uniq_gastronok
Lair:2:   gammafunk_lair_enchanted_lake, spider_nest_entry_funnel_web

Skill      XL: |  1  2  3  4  5  6  7  8  9 10 11 12 |
---------------+-------------------------------------+-----
Armour         | 2 3 4 5 6 7 8 9 |  9.4
Polearms       | 3 4 5 6 8 9 10 11 | 11.4
Dodging        | 2 3 4 5 6 7 8 |  8.2
Fighting       | 4 5 6 7 8 9 |  9.0
Throwing       | 2 3 5 6 |  6.0

Action                   |  1- 3 |  4- 6 |  7- 9 | 10-12 || total
-------------------------+-------+-------+-------+-------++-------
Melee: Spear             |   169 |   185 |   520 |       ||   874
       Kick              |       |    29 |   186 |   217 ||   432
       Trident           |       |       |    64 |   525 ||   589
       Glaive            |       |       |       |   254 ||   254
Throw: Tomahawk          |       |       |     2 |    88 ||    90
       Javelin           |       |       |     7 |     8 ||    15
Invok: Berserk           |       |     1 |       |       ||     1
Evoke: Lightning rod     |       |       |       |     4 ||     4
  Use: Potion            |     2 |       |     2 |       ||     4
       Scroll            |     1 |     2 |     1 |     6 ||    10
 Stab: Distracted        |       |       |     1 |     3 ||     4
       Paralysed         |       |       |     1 |       ||     1
       Sleeping          |       |       |       |     1 ||     1
  Eat: Chunk             |     3 |    22 |    29 |    20 ||    74
Armor: Animal skin       |     3 |       |       |       ||     3
       Scale mail        |    63 |    24 |       |       ||    87
       Leather armour    |       |    22 |   185 |       ||   207
       Chain mail        |       |       |       |    85 ||    85
       Troll leather arm |       |       |       |   158 ||   158
Dodge: Dodged            |    63 |    88 |   336 |   492 ||   979
